 Dungeon Crawl Stone Soup version 0.28.0-45-g0d030f2227 (webtiles) character file.

Game seed: 15735681351906515545

1281 croobank the Sneak (level 8, -6/32 HPs)
             Began as a Felid Ice Elementalist on Apr 16, 2022.
             Was a Believer of Hepliaklqana.
             Killed by divine providence
             ... invoked by an orc priest
              (12 damage)
             ... on level 6 of the Dungeon.
             The game lasted 00:46:18 (7911 turns).

croobank the Sneak (Felid Ice Elementalist)         Turns: 7911, Time: 00:46:20

Health: -6/32      AC:  9    Str:  4    XL:     8   Next: 29%
Magic:  10/16      EV: 21    Int: 19    God:    Hepliaklqana [**....]
Gold:   291        SH:  0    Dex: 16    Spells: 3/17 levels left
                                        Lives:  0   Deaths: 2

rFire   . . .      SeeInvis +   (weapon unavailable)
rCold   . . .      Faith    .   (shield unavailable)
rNeg    . . .      Spirit   .   (armour unavailable)
rPois   .          Reflect  .   (helmet unavailable)
rElec   .          Harm     .   (cloak unavailable)
rCorr   .          Rampage  .   (gloves unavailable)
Will    +....                   (boots unavailable)
Stlth   ++++......              (no amulet)
HPRegen 0.10/turn               (no ring)
MPRegen 0.15/turn               (no ring)

@: ice-armoured, freezing walls, quick
A: reduced essence, very small, claws 1, fangs 3, see invisible, speed 1, shaggy
fur 2, stealthy paws, no weapons or thrown items, no armour, multi-lived
a: Renounce Religion, Recall Ancestor, Ancestor Identity


You were on level 6 of the Dungeon.
You worshipped Hepliaklqana.
Hepliaklqana was pleased with you.
You visited 1 branch of the dungeon, and saw 6 of its levels.

You collected 381 gold pieces.
You spent 90 gold pieces at shops.

Inventory:

Missiles
 b - 12 poisoned darts
Jewellery
 d - a ring of wizardry
 n - a ring of fire
Wands
 e - a wand of iceblast (3)
 h - a wand of acid (8)
Scrolls
 c - a scroll of teleportation
 f - a scroll of amnesia {unknown}
 m - a scroll of noise {unknown}
Potions
 i - a potion of attraction
 j - a potion of mutation {unknown}
 l - 4 potions of flight {unknown}
 o - a potion of lignification {unknown}


   Skills:
 + Level 4.1 Fighting
 + Level 7.3 Dodging
 + Level 7.9 Stealth
 + Level 5.1 Spellcasting
 + Level 1.1 Translocations
 + Level 6.0 Ice Magic


You had 3 spell levels left.
You knew the following spells:

 Your Spells              Type           Power      Damage    Failure   Level
a - Freeze                Ice            100%       1d11      1%          1
b - Frozen Ramparts       Ice            54%        1d7       3%          3
c - Ozocubu's Armour      Ice            27%        N/A       3%          3
d - Hailstorm             Conj/Ice       16%        3d6       34%         4
e - Teleport Other        Tloc           9%         N/A       22%         3

Your spell library contained the following spells:

 Spells                   Type           Power      Damage    Failure   Level
 Gell's Gravitas          Tloc           9%         N/A       22%         3
 Lesser Beckoning         Tloc           9%         N/A       22%         3


Dungeon Overview and Level Annotations

Branches:
Dungeon (6/15)
 Temple: D:4-7

Altars:
Cheibriados
Dithmenos
Elyvilon
Hepliaklqana
Kikubaaqudgha
Nemelex Xobeh
Sif Muna
Xom

Shops:
D:3 (![(   D:6 (


Innate Abilities, Weirdness & Mutations

Your life essence is reduced to manifest your ancestor. (-10% HP)
You have sharp claws.
You have razor-sharp teeth.
You have supernaturally acute eyesight. (SInv)
You cover ground quickly. (Speed+)
You are covered in thick fur. (AC +2)
Your paws help you pounce on unaware monsters.
You are incapable of wielding weapons or throwing items.
You cannot wear armour.
You gain extra lives every three experience levels.


Message History

There is a stone staircase leading up here.
Okay, then.
You swap places.
You see here a +0 trident of freezing.
You start waiting.
Done waiting.
An orc comes into view. It is wielding a +0 dagger.
Found Ilewaru's Weapon Boutique.
An orc wizard and an orc priest come into view.
The orc shouts!
An orc priest comes into view. It is wielding a +0 dagger.
The orc priest shouts!
You swap places.
The orc priest looks braver for a moment.
The orc priest calls down the wrath of Beogh upon you.
Beogh smites you!
The orc priest mumbles some strange prayers to Beogh against you.
Beogh smites you!
* * * LOW HITPOINT WARNING * * *
The orc closely misses Cyneburga.
Casting: Freeze (safe; 1% risk of failure)
Confirm with . or Enter, or press ? or * to list all spells.
A film of ice covers your body!
The orc hits Cyneburga with a +0 dagger.
Casting: Ozocubu's Armour (dangerous; 3% risk of failure)
Confirm with . or Enter, or press ? or * to list all spells.
Casting: Frozen Ramparts (dangerous; 3% risk of failure)
Press: ? - help, Dir - look around, f - activate The walls around you are covered in ice.
Cyneburga misses the orc.
The wall freezes the orc.
The orc hits Cyneburga with a +0 dagger.
The wall freezes the orc wizard!
The orc priest looks encouraged for a moment.
Cyneburga gestures at the orc while chanting.
The puff of frost hits the orc!
The orc dies!
The wall freezes the orc wizard.
The orc priest invokes the aid of Beogh against you.
Beogh smites you!
You die...

#.# #### #.# #... #.# #.##
#.# #.## ## #.######## #.##
#.. ######.#......# #...
#..##.............####..#
.##....#####...............
...∩..o.oR@................
....########..#.###.###....
# #...............
....#............
.................#
......#.###........ .. .
####..#.###...#...# . .##
..#.#.....#.... ###...
#.............


You could see the friendly Cyneburga the battlemage, an orc priest and an orc
wizard.

Vanquished Creatures
  Grinder (D:6)
  Sigmund (D:6)
  A water moccasin (D:6)
  An ogre (D:6)
  A centaur (D:6)
  A wyvern zombie (D:6)
  2 scorpions
  A wight (D:6)
  2 bullfrog skeletons
  3 hounds
  A centaur skeleton (D:4)
  Terence (D:2)
  2 iguanas
  Natasha (thrice) (D:2)
  Robin (D:2)
  4 gnolls (D:3)
  4 adders (D:2)
  An ufetubus (D:4)
  An adder skeleton (D:4)
  A worm (D:2)
  14 dart slugs
  7 orcs
  11 ball pythons
  8 endoplasms
  3 giant cockroaches
  20 goblins
  9 hobgoblins
  2 jackals (D:2)
  4 quokkas
  6 bats
  6 frilled lizards
  9 kobolds
  4 rats
136 creatures vanquished.

Vanquished Creatures (collateral kills)
  A black bear (D:4)
  A phantom (D:5)
  A wyvern skeleton (D:6)
  2 wights (D:6)
  A jelly (D:6)
  An orc wizard (D:6)
  A hound zombie (D:5)
  A shadow imp (D:6)
  A dart slug (D:5)
  3 orcs (D:6)
13 creatures vanquished.

Vanquished Creatures (others)
  A battlemage (D:6)
1 creature vanquished.

Grand Total: 150 creatures vanquished

Notes
Turn   | Place    | Note
-------+----------+-------------------------------------------
     0 | D:1      | croobank the Felid Ice Elementalist began the quest for the
                  | Orb.
     0 | D:1      | Reached XP level 1. HP: 7/7 MP: 4/4
   343 | D:1      | Reached XP level 2. HP: 11/11 MP: 3/6
   530 | D:1      | Found a faded altar of an unknown god.
   769 | D:1      | Reached XP level 3. HP: 13/14 MP: 4/7
   927 | D:1      | Learned a level 3 spell: Frozen Ramparts
  1287 | D:2      | Noticed Robin
  1364 | D:2      | Killed Robin
  1365 | D:2      | Reached XP level 4. HP: 14/18 MP: 0/9
  1559 | D:2      | Noticed Natasha
  1569 | D:2      | Killed Natasha
  1746 | D:2      | Learned a level 3 spell: Ozocubu's Armour
  1945 | D:2      | Reached XP level 5. HP: 17/21 MP: 7/10
  2037 | D:2      | Found a white marble altar of Elyvilon.
  2196 | D:2      | Noticed Terence
  2198 | D:2      | Noticed Natasha
  2216 | D:2      | Killed Terence
  2236 | D:2      | Killed from afar by a shadow imp
  2237 | D:2      | Reached XP level 4. HP: -2/18 MP: 0/9
  2246 | D:2      | Killed Natasha
  2246 | D:2      | Noticed Natasha
  2274 | D:2      | Killed Natasha
  2275 | D:2      | Reached XP level 5. HP: 2/21 MP: 0/10
  2909 | D:3      | Found Ziethu's Armour Shop.
  2982 | D:3      | Found Vebef's Distillery.
  2990 | D:3      | Bought a potion of might for 40 gold pieces
  2990 | D:3      | Bought a potion of heal wounds for 50 gold pieces
  3002 | D:3      | Found a sparkling altar of Nemelex Xobeh.
  3065 | D:3      | Found a shimmering altar of Xom.
  3123 | D:3      | Found Nuevexy's Weapon Emporium.
  3266 | D:3      | Reached skill level 5 in Stealth
  3568 | D:3      | Found an ancient bone altar of Kikubaaqudgha.
  3617 | D:3      | Found a hazy altar of Hepliaklqana.
  3662 | D:3      | Became a worshipper of Hepliaklqana the Forgotten
  3865 | D:3      | Found Wuthrimu's Weapon Emporium.
  4069 | D:4      | Noticed a black bear
  4076 | D:4      | Killed a black bear
  4077 | D:4      | Reached skill level 1 in Fighting
  4077 | D:4      | Reached skill level 5 in Dodging
  4077 | D:4      | Gained mutation: You are covered in thick fur. (AC +2)
                  | [Felid growth]
  4077 | D:4      | Reached XP level 6. HP: 21/25 MP: 9/12
  4694 | D:4      | Reached * piety under Hepliaklqana
  5150 | D:5      | Entered Level 5 of the Dungeon
  5433 | D:5      | Reached XP level 7. HP: 25/27 MP: 8/13
  5438 | D:5      | Reached skill level 5 in Ice Magic
  5664 | D:5      | Found a shimmering blue altar of Sif Muna.
  5792 | D:5      | Reached ** piety under Hepliaklqana
  5793 | D:5      | Remembered your ancestor Cyneburga as a battlemage
  6275 | D:6      | Noticed Grinder
  6298 | D:6      | Killed from afar by Grinder
  6299 | D:6      | Reached XP level 6. HP: -10/24 MP: 4/13
  6410 | D:6      | Noticed Sigmund
  6433 | D:6      | Killed Sigmund
  6434 | D:6      | Reached XP level 7. HP: 6/27 MP: 5/14
  6756 | D:6      | Paralysed by Grinder for 7 turns
  6766 | D:6      | Killed Grinder
  6767 | D:6      | Reached XP level 8. HP: 32/32 MP: 6/16
  6784 | D:6      | Reached skill level 5 in Spellcasting
  6883 | D:6      | Found a snail-covered altar of Cheibriados.
  6893 | D:6      | Learned a level 4 spell: Hailstorm
  6897 | D:6      | Learned a level 3 spell: Teleport Other
  7005 | D:6      | Found a shadowy altar of Dithmenos.
  7285 | D:6      | Reached skill level 1 in Translocations
  7450 | D:6      | Noticed a two-headed ogre
  7900 | D:6      | Found Ilewaru's Weapon Boutique.
  7911 | D:6      | Killed from afar by an orc priest

Illustrated notes

Levels and vault maps discovered:
D:1:      dpeg_arrival_short_road, layout_basic,
          shapermc_ecumenical_altar_starsandcircs, minmay_surrounded
D:2:      layout_basic, basic_altar, grunt_ministairs_10, uniq_natasha,
          uniq_robin, uniq_terence
D:3:      layout_basic, kiku_gazebo_pond_becter, mainiacjoe_overflow_catwalk,
          mainiacjoe_overflow_catwalk_spiral, serial_shops,
          nicolae_shop_hallway_stairs, shop, nicolae_shop_behind_doors,
          nicolae_shop_bloodbath_and_beyond, minmay_fountain_box,
          chequers_serial_rivers_micro_c
D:4:      layout_basic
D:5:      kennysheep_slugbush, layout_basic, mainiacjoe_overflow_brackets
D:6:      nicolae_cairo_tiling_large_dashed, layout_basic,
          amcnicky_altar_gilded, overflow_temple_1_default,
          kennysheep_mini_moat, serial_shops, nicolae_square_shop,
          grunt_decor_resistance, minmay_three_doors, uniq_grinder, uniq_sigmund

Skill      XL: |  1  2  3  4  5  6  7  8 |
---------------+-------------------------+-----
Stealth        | 3 4 5 7 6 |  7.9
Dodging        | 3 4 5 6 7 |  7.3
Ice Magic      | 4 5 6 |  6.0
Spellcasting   | 3 4 5 |  5.1
Fighting       | 1 3 4 |  4.1
Translocations | 1 |  1.1

Action                   |  1- 3 |  4- 6 |  7- 9 || total
-------------------------+-------+-------+-------++-------
Melee: Unarmed           |     9 |    71 |    39 ||   119
       Bite              |     1 |     7 |     6 ||    14
       Punch             |       |     2 |       ||     2
 Cast: Freeze            |    49 |   118 |    26 ||   193
       Frozen Ramparts   |     1 |     9 |     9 ||    19
       Ozocubu's Armour  |       |     9 |    10 ||    19
Invok: Recall Ancestor   |       |       |     2 ||     2
       Ancestor Life: Ba |       |       |     1 ||     1
Evoke: Wand              |       |       |     2 ||     2
  Use: Scroll            |       |     9 |     2 ||    11
       Potion            |       |     3 |     6 ||     9
 Stab: Sleeping          |       |     5 |     5 ||    10
       Distracted        |       |       |     2 ||     2
Armor: Skin              |     2 |    16 |     7 ||    25
Dodge: Dodged            |    47 |   185 |    62 ||   294
